 Dungeon Crawl Stone Soup version 0.25.1-8-g42b30a86e7 (webtiles) character file.

Game seed: 10201668964918143559

57 DildoBatman the Conjurer (level 4, -3/30 HPs)
             Began as a Formicid Wizard on Dec 19, 2020.
             Slain by an orc priest
             ... wielding a +0 short sword
              (5 damage)
             ... on level 4 of the Dungeon.
             The game lasted 00:03:22 (1786 turns).

DildoBatman the Conjurer (Formicid Wizard)          Turns: 1786, Time: 00:03:23

Health: -3/30      AC:  3    Str: 12    XL:     4   Next: 18%
Magic:  8/8        EV: 16    Int: 18    God:
Gold:   48         SH:  0    Dex:  9    Spells: 8/9 levels left

rFire    . . .     SeeInvis +   a - +0 hunting sling
rCold    . . .     Gourm    .   (no shield)
rNeg     . . .     Faith    .   t - +0 robe
rPois    .         Spirit   .   (helmet unavailable)
rElec    .         Reflect  .   (no cloak)
rCorr    .         Harm     .   (no gloves)
MR       .....                  q - +0 pair of boots
Stlth    ++........             (no amulet)
HPRegen  0.10/turn              o - +4 ring of evasion
MPRegen  0.11/turn              (no ring)

@: no status effects
A: permanent stasis, dig shafts and tunnels, four strong arms, antennae 3
a: Dig, Shaft Self


You were on level 4 of the Dungeon.
You were not hungry.

You visited 1 branch of the dungeon, and saw 3 of its levels.

You collected 48 gold pieces.

Inventory:

Hand Weapons
 a - a +0 hunting sling (weapon)
 b - a +0 club
 c - a +0 short sword
Missiles
 f - 83 stones (quivered)
 l - 7 javelins
 n - 22 bolts
Armour
 q - a +0 pair of boots (worn)
 t - a +0 robe (worn)
Jewellery
 d - an uncursed ring of ice
 i - an uncursed ring of ice
 o - a +4 ring of evasion (left hand)
Scrolls
 g - a scroll of amnesia {unknown}
 j - 3 scrolls of identify {unknown}
 m - 2 scrolls of remove curse {unknown}
 p - a scroll of teleportation {unknown}
 r - a scroll of blinking {unknown}
Potions
 e - 6 potions of curing {unknown}
 h - 2 potions of heal wounds {unknown}
 s - a potion of mutation {unknown}
Comestibles
 v - 5 rations


   Skills:
 - Level 1.7 Dodging
 - Level 2.4 Stealth
 - Level 3.2 Spellcasting
 * Level 3.3 Conjurations
   Level 1.0 Summonings
   Level 0.8 Translocations


You had 8 spell levels left.
You knew the following spells:

 Your Spells              Type           Power        Failure   Level  Hunger
c - Magic Dart            Conj           ###.         4%          1    None

Your spell library contained the following spells:

 Spells                   Type           Power        Failure   Level  Hunger
 Call Imp                 Summ           #.......     16%         2    ##.....
 Slow                     Hex            #.......     24%         2    ##.....
 Conjure Flame            Conj/Fire      #.......     24%         3    ###....
 Mephitic Cloud           Conj/Pois/Air  #.......     30%         3    ###....
 Blink                    Tloc           Unusable     N/A         2    N/A

Dungeon Overview and Level Annotations

Branches:
Dungeon (2/15)

Altars:


Innate Abilities, Weirdness & Mutations

You cannot be hasted, slowed, berserked, paralysed or teleported.
You can dig through walls and to a lower floor.
Your four strong arms can wield two-handed weapons with a shield.
You have a pair of large antennae on your head. (SInv)


Message History

g - Guard the area. f - Follow me.
Anything else - Cancel.
You shout for attention!
The centaur skeleton closely misses you.
The orc completely misses you. The orc barely misses you.
The centaur skeleton misses you.
The orc priest hits you with a +0 short sword!
What are your orders? t - Shout!
Orders for allies: a - Attack new target. r - Retreat! s - Stop attacking. g - Guard the area. f - Follow me.
Anything else - Cancel.
You shout for attention!
The orc hits you with a +0 short sword! The orc hits you but does no damage.
The centaur skeleton hits you.
The orc priest hits you with a +0 short sword.
You die...

## ####..# .......
..... # #+###..#
##.###..#@#+###
#.......Zoo...#
#.........o...+
#######'####...#
#....#...## ...#
#.........# .....
#.[..+....'.......
#....#....#.......
#....#....#....


You could see an orc priest, 2 orcs and a centaur skeleton.

Vanquished Creatures
  An adder (D:2)
  A worm (D:2)
  A dart slug (D:1)
  A leopard gecko (D:2)
  3 bats
  7 goblins
  7 hobgoblins
  3 jackals
  6 frilled lizards
  5 kobolds
  3 rats (D:1)
38 creatures vanquished.

Notes
Turn   | Place    | Note
-------+----------+-------------------------------------------
     0 | D:1      | DildoBatman the Formicid Wizard began the quest for the
                  | Orb.
     0 | D:1      | Reached XP level 1. HP: 13/13 MP: 4/4
    26 | D:1      | Reached skill level 1 in Conjurations
   293 | D:1      | Reached XP level 2. HP: 19/19 MP: 1/6
   525 | D:1      | Reached XP level 3. HP: 13/24 MP: 3/7
  1294 | D:2      | Reached XP level 4. HP: 29/30 MP: 3/8
  1730 | D:2      | You fall into a shaft and drop 2 floors!
  1786 | D:4      | Slain by an orc priest

Illustrated notes

Levels and vault maps discovered:
D:1:      saegor_arrival_simple_b, layout_loops_ring
D:2:      layout_basic, minmay_heptomino_o4
D:4:      layout_gridville, gammafunk_temple_overflow_wave, lemuel_doored_altar,
          first_ration

Skill      XL: |  1  2  3 |
---------------+----------+-----
Conjurations   | 1 2 3 |  3.3
Dodging        | |  1.7
Stealth        | |  2.4
Spellcasting   | |  3.2
Summonings     | |  1.0
Translocations | |  0.8

Action                   |  1- 3 |  4- 6 || total
-------------------------+-------+-------++-------
Melee: Club              |     1 |       ||     1
       Short sword       |     9 |     3 ||    12
 Fire: Hunting sling     |       |     2 ||     2
 Cast: Magic Dart        |    62 |    13 ||    75
 Abil: Dig               |     5 |     4 ||     9
       Shaft Self        |       |     1 ||     1
  Eat: Chunk             |     1 |     2 ||     3
Armor: Robe              |     2 |     5 ||     7
Dodge: Dodged            |    11 |    23 ||    34
